 Dungeon Crawl Stone Soup version 0.31-a0-920-g28cbb04a8c (webtiles) character file.

Game seed: 14812722980457042191

386 Shayle the Changeling (level 7, -3/42 HPs)
             Began as a Human Shapeshifter on Oct 18, 2023.
             Was an Initiate of Ashenzari.
             Slain by a steam dragon (4 damage)
             ... on level 7 of the Dungeon.
             The game lasted 00:07:43 (3474 turns).

Shayle the Changeling (Human Shapeshifter)          Turns: 3474, Time: 00:07:44

Health: -3/42      AC:  5    Str: 15    XL:     7   Next: 6%
Magic:  7/7        EV: 11    Int: 12    God:    Ashenzari [......]
Gold:   233        SH:  5    Dex: 12    Spells: 6/6 levels left

rFire   . .          .
                       - Unarmed
rCold   . . .        (shield currently unavailable)
rNeg    + . .        k - +0 ring mail
rPois   .            (no helmet)
rElec   .            (no cloak)
rCorr   .            (no gloves)
SInv    .            (no boots)
Will    .....        u - amulet of Curses and Power {Reflect SH+5, Self, Fort} (curse)
Stlth   +            v - ring of positive energy
HPRegen 0.27/turn    (no ring)
MPRegen 0.10/turn

%: reflection
@: flux-form, glowing
A: glow, contaminating, reduced hp
a: Begin Untransformation, Renounce Religion, Shatter the Chains


You were on level 7 of the Dungeon.
You worshipped Ashenzari.
Ashenzari was noncommittal.
You were something dangerously unstable.
You visited 2 branches of the dungeon, and saw 8 of its levels.

You collected 233 gold pieces.

Inventory:

Hand Weapons
 b - a +1 dagger of venom
Armour
 a - a +0 animal skin
 k - a +0 ring mail (worn)
 q - a +0 pair of gloves
Jewellery
 u - the cursed amulet of Curses and Power (around neck) {Reflect SH+5, Self, Fort}
   (You found it on level 4 of the Dungeon)

   [amulet of reflection]

   Reflect:   It reflects blocked missile attacks.
   SH+5:      It affects your SH (+5).
   It has a curse which improves the following skills: Introspection: Fighting
   and Spellcasting.
   Fortitude: Armour and Shields.
 v - a ring of positive energy (left hand)
Talismans
 c - a beast talisman
 d - a flux talisman (active)
 x - a storm talisman
Scrolls
 f - 2 scrolls of teleportation {unknown}
 h - a scroll of immolation {unknown}
 i - 3 scrolls of identify {unknown}
 m - 2 scrolls of blinking {unknown}
 t - a scroll of acquirement {unknown}
 w - 3 scrolls of vulnerability {unknown}
 y - a scroll of fog {unknown}
Potions
 e - a potion of mutation {unknown}
 g - a potion of enlightenment {unknown}
 j - a potion of haste {unknown}
 l - 2 potions of magic
 n - a potion of curing
 o - a potion of degeneration {unknown}
 p - a potion of cancellation {unknown}
 r - a potion of might {unknown}
 s - a potion of ambrosia
 z - a potion of brilliance {unknown}


   Skills:
 - Level 1.0(1.2) Fighting
 - Level 2.0 Dodging
 + Level 4.9 Unarmed Combat
 * Level 5.8 Shapeshifting


You had 6 spell levels left.
You didn't know any spells.
Your spell library contained the following spells:

 Spells                   Type           Power      Damage    Failure   Level
 Sandblast                Erth           0%         2d4       54%         1
 Passwall                 Tmut/Erth      0%         N/A       69%         2
 Gell's Gravitas          Tloc           0%         N/A       89%         3
 Stone Arrow              Conj/Erth      0%         3d7       89%         3
 Teleport Other           Tloc           0%         N/A       89%         3
 Brom's Barrelling Bould  Conj/Erth      0%         2d3       100%        4
 Dispersal                Tloc           0%         N/A       100%        6


Dungeon Overview and Level Annotations

Branches:
Dungeon (7/15)             Temple (1/1) D:4

Altars:
Ashenzari
Dithmenos
Elyvilon
Hepliaklqana
Kikubaaqudgha
Makhleb
Nemelex Xobeh
Okawaru
Qazlal
Sif Muna
Trog
Uskayaw
Wu Jian
Yredelemnul
The Shining One


Message History

Okay, then.
Okay, then.
Okay, then.
You closely miss the steam dragon. The steam dragon completely misses you.
The steam dragon claws you but does no damage.
You hit the steam dragon.
The steam dragon begins to glow.
The steam dragon is lightly wounded.
The steam dragon bites you. The steam dragon claws you.
You hit the steam dragon.
The steam dragon glows dangerously bright.
The steam dragon is moderately wounded.
The steam dragon bites you.
The steam dragon claws you but does no damage.
You hit the steam dragon but do no damage.
The steam dragon shudders as magic cascades through it.
The steam dragon twists and deforms.
The steam dragon is heavily wounded.
The steam dragon breathes steam at you. The ball of steam misses you.
The steam dragon closely misses you.
The steam dragon claws you but does no damage.
You barely miss the steam dragon.
The steam dragon is heavily wounded.
You are engulfed in a cloud of scalding steam.
* * * LOW HITPOINT WARNING * * *
The steam dragon bites you.
* * * LOW HITPOINT WARNING * * *
The steam dragon claws you but does no damage.
It was a potion of curing.
You feel better.
A sky beast comes into view.
The steam dragon barely misses you.
The steam dragon claws you but does no damage.
You hit the steam dragon.
The steam dragon begins to glow.
The steam dragon is heavily wounded.
The steam dragon breathes steam at you. The ball of steam hits you!
* * * LOW HITPOINT WARNING * * *
The steam dragon attacks as it pursues you!
The steam dragon bites you.
You die...

.##### ####
......#########§§###
......§§.##Y..§§§§.#
....l..†.[.###Dp§§.#
......§...§.####...##
.......§§§§.# ##...##
...§........# ###..##
...§.......## ###.###
...........# ##..##
...........# ###.###
...........#
##..##### ..........#
##...#.#


You could see a steam dragon (contam, catching breath, misshapen) and a sky
beast.

Vanquished Creatures
  An ogre (D:4)
  A phantom (D:4)
  A necrophage (D:7)
  A hound skeleton (D:7)
  2 gnolls (D:3)
  7 adders
  A dart slug (D:4)
  3 orcs
  5 ball pythons
  3 endoplasms
  2 giant cockroaches
  4 goblins
  6 hobgoblins
  6 jackals (D:2)
  3 quokkas
  5 bats
  5 frilled lizards
  5 kobolds
  5 rats
66 creatures vanquished.

Vanquished Creatures (others)
  An iguana (D:7)
1 creature vanquished.

Grand Total: 67 creatures vanquished

Notes
Turn   | Place    | Note
-------+----------+-------------------------------------------
     0 | D:1      | Shayle the Human Shapeshifter began the quest for the Orb.
     0 | D:1      | Reached XP level 1. HP: 15/15 MP: 1/1
   335 | D:1      | Reached XP level 2. HP: 18/21 MP: 2/2
   983 | D:2      | Found a faded altar of an unknown god.
  1041 | D:2      | Reached XP level 3. HP: 23/26 MP: 3/3
  1254 | D:2      | Found a stormy altar of Qazlal.
  1748 | D:3      | Found a hazy altar of Hepliaklqana.
  1751 | D:3      | Found an ornate altar of the Wu Jian Council.
  1758 | D:3      | Found a hide-covered altar of Uskayaw.
  1763 | D:3      | Found a basalt altar of Yredelemnul.
  1876 | D:3      | Reached XP level 4. HP: 32/32 MP: 4/4
  1899 | D:3      | Reached skill level 4 in Shapeshifting
  2268 | D:3      | Noticed a gnoll sergeant
  2298 | D:4      | Noticed an ogre
  2333 | D:4      | Reached XP level 5. HP: 33/37 MP: 5/5
  2335 | D:4      | Killed an ogre
  2336 | D:4      | Reached skill level 5 in Shapeshifting
  2516 | D:4      | Reached XP level 6. HP: 37/43 MP: 6/6
  2609 | D:4      | Found a staircase to the Ecumenical Temple.
  2617 | Temple   | Entered the Ecumenical Temple
  2647 | Temple   | Became a worshipper of Ashenzari the Shackled
  3161 | D:5      | Entered Level 5 of the Dungeon
  3257 | D:5      | Noticed an ogre
  3268 | D:6      | Noticed an orc warrior
  3269 | D:6      | Noticed an orc warrior
  3325 | D:7      | Found a burning altar of Makhleb.
  3336 | D:7      | Reached XP level 7. HP: 31/48 MP: 7/7
  3451 | D:7      | Noticed a steam dragon
  3471 | D:7      | HP: 2/42 [steam dragon (6)]
  3474 | D:7      | Slain by a steam dragon

Illustrated notes

Levels and vault maps discovered:
D:1:      scummos_arrival_hexagon, layout_basic
D:2:      layout_basic, shapermc_ecumenical_altar_flowoftime, basic_altar,
          hangedman_feature_mirror, minmay_octomino_j4
D:3:      layout_basic, grunt_temple_overflow_cloverleaf,
          pf_guarded_unrand_woodcutter
D:4:      layout_basic, minmay_temple_entry_glassed_door
D:5:      layout_basic, portal_sewer_entry_e, serial_shops,
          nicolae_shop_hallway_plus
D:6:      layout_rooms, serial_shops, nicolae_shop_peninsula,
          hangedman_decor_riveting
D:7:      minmay_klotski, layout_cave_pods, zin_statuary,
          makhleb_blood_cavern_becter, serial_bayou_lagoon_a
Temple:   chequers_temple_sunken

Skill      XL: |  1  2  3  4  5 |
---------------+----------------+-----
Shapeshifting  | 4 5 |  5.8
Unarmed Combat | 4 |  4.9
Fighting       | |  1.0
Dodging        | |  2.0

Action                     |  1- 3 |  4- 6 |  7- 9 || total
---------------------------+-------+-------+-------++-------
  Melee: Unarmed           |   147 |   101 |     6 ||   254
         Punch             |     2 |     1 |       ||     3
 Invoke: Curse Item        |       |     1 |       ||     1
Ability: Begin Untransform |       |     1 |       ||     1
    Use: Potion            |       |     3 |     1 ||     4
 Armour: Animal skin       |    16 |       |       ||    16
         Ring mail         |    57 |    63 |    13 ||   133
         Skin              |       |    10 |       ||    10
  Dodge: Dodged            |    74 |    44 |     6 ||   124
  Block: Other             |       |     8 |       ||     8
         Reflection        |       |     1 |       ||     1
   Form: Flux              |       |     1 |       ||     1

Table legend: (Time is in decaauts)
 A = Elapsed time spent in this place.
 B = Non-inter-level travel time spent in this place.
 C = Inter-level travel time spent in this place.
 D = Time resting spent in this place.
 E = Time spent auto-exploring this place.
 F = Levels seen in this place.
 G = Mean time per level.
                   A        B        C        D        E       F      G
               +--------+--------+--------+--------+--------+-----+--------+
         Total |   3462 |   3391 |     71 |    103 |   2420 |   8 |  432.8 |
       Dungeon |   3406 |   3335 |     71 |    103 |   2420 |   7 |  486.6 |
        Temple |     56 |     56 |      0 |      0 |      0 |   1 |   56.0 |
               +--------+--------+--------+--------+--------+-----+--------+

Top non-repeatable levels by time:
     D:4: 810 daAuts
     D:2: 784 daAuts
     D:1: 782 daAuts
     D:3: 718 daAuts
     D:7: 199 daAuts
     D:5: 106 daAuts
  Temple: 56 daAuts
     D:6: 3 daAuts
